Map: Acid Plant LE

Players

Fenris

  • Race: Terran Terran
  • League: Diamond
  • Spawn Location: 5:00

TellyAddict - Winner!

  • Race: Protoss Protoss
  • League: Diamond
  • Spawn Location: 11:00

VOD

Have the link to the VOD?

Description

Time

  • Played on: Feb. 19, 2018, 3:06 p.m.
  • Length: 18:17
Show
View Real Time Build Order
Export as new Build Order

Fenris Terran 

Build Orders: MMM Bio 

Get SALT Encoding   

  12  0:01  SCV  
  13  0:13  SCV  
  14  0:17  Supply Depot  
  14  0:25  SCV  
  15  0:30  Refinery  
  15  0:39  SCV  
  16  0:45  Barracks  
  16  0:51  SCV  
  17  1:03  Barracks  
  17  1:06  SCV  
  18  1:14  Refinery  
  18  1:18  SCV  
  19  1:28  Supply Depot  
  19  1:31  SCV  
  20  1:37  Barracks Tech Lab  
  20  1:50  Orbital Command  
  20  1:55  Barracks Reactor  
  20  1:59  Marine  
  21  2:03  Concussive Shells  
  21  2:16  SCV  
  23  2:24  Marauder  
  24  2:30  SCV  
  24  2:32  Marine x2, Supply Depot  
  27  2:42  SCV  
  28  2:45  Marauder  
  28  2:48  Stimpack  
  30  2:53  Marine  
  30  2:54  Marine  
  32  3:00  SCV  
  33  3:05  Supply Depot  
  33  3:12  Marauder, Marine  
  35  3:15  SCV  
  37  3:33  Marauder  
  39  3:43  Marine  
  40  3:54  Marauder, SCV  
  43  4:04  Supply Depot  
  43  4:13  Marine x2  
  43  4:16  Marauder  
  42  4:30  SCV  
  43  4:31  Marine x2  
  43  4:37  Marauder  
  45  4:42  SCV  
  43  4:51  Marine  
  43  4:52  Marine  
  45  4:59  Marine, Command Center  
  46  5:09  Factory  
  46  5:11  Marine  
  46  5:12  Marine  
  49  5:14  SCV  
  49  5:17  Marine  
  48  5:27  Engineering Bay  
  48  5:28  SCV  
  48  5:29  Marine  
  47  5:40  SCV  
  48  5:48  Marine  
  48  5:49  Marine x2  
  51  5:51  Combat Shields  
  51  5:52  SCV  
  51  6:03  Factory Reactor  
  51  6:04  SCV  
  51  6:07  Marauder  
  51  6:08  Marine  
  55  6:15  Starport  
  55  6:16  Supply Depot  
  55  6:18  Supply Depot  
  55  6:22  Missile Turret  
  55  6:28  Terran Infantry Weapons Level 1  
  55  6:38  Marine x3, SCV  
  59  6:51  Orbital Command  
  59  6:52  Factory Tech Lab  
  59  7:00  Missile Turret  
  59  7:01  SCV  
  59  7:05  Medivac  
  62  7:12  Medivac  
  62  7:14  Marine x2  
  66  7:17  SCV  
  66  7:20  SCV  
  68  7:26  Siege Tank  
  71  7:35  SCV x2  
  73  7:38  Missile Turret  
  73  7:40  Medivac  
  73  7:42  Medivac  
  73  7:43  Marine  
  73  7:44  Marine  
  79  7:50  SCV  
  80  7:52  Supply Depot, SCV  
  81  8:00  Marine  
  81  8:01  Marine  
  83  8:06  Liberator  
  83  8:07  Liberator  
  83  8:08  Barracks  
  83  8:10  SCV x2  
  83  8:11  Barracks  
  85  8:18  Marine x2  
  85  8:19  Marine  
  94  8:38  Marauder  
  72  8:49  Marine x2  
  72  8:54  Liberator  
  63  8:56  Barracks Tech Lab  
  63  8:58  Barracks Reactor  
  63  8:59  Liberator  
  63  9:00  Marauder, Starport  
  65  9:03  Refinery  
  65  9:04  Refinery  
  65  9:07  Marine x2  
  65  9:08  Command Center  
  73  9:18  SCV  
  73  9:22  SCV  
  75  9:27  Terran Infantry Armor Level 1  
  75  9:30  SCV  
  76  9:34  SCV  
  76  9:36  Armory  
  77  9:43  Starport Tech Lab  
  77  9:50  Fusion Core  
  77  9:53  SCV x2  
  77  9:54  Liberator x2  
  77  9:58  Marauder, Marine x2  
  83  10:04  Marauder  
  91  10:19  Marine x2  
  91  10:20  Marauder, Marine  
  96  10:22  Supply Depot  
  96  10:25  Terran Ship Weapons Level 1  
  96  10:31  SCV x2  
  98  10:39  Advanced Ballistics  
  98  10:40  Marine x3  
  98  10:41  Refinery  
  101  10:45  Refinery  
  101  10:49  Raven  
  103  10:50  Marine x3  
  103  10:51  SCV  
  103  10:55  Orbital Command  
  107  10:58  Marine x2, SCV  
  107  11:02  Marine  
  111  11:07  Marine, Medivac x2  
  111  11:09  SCV  
  117  11:15  Supply Depot  
  117  11:23  Supply Depot  
  117  11:24  Supply Depot  
  117  11:37  Marauder, Marine x3, SCV x3  
  117  11:38  Marine  
  125  11:42  Marine  
  124  11:51  Liberator  
  123  11:55  Marauder, Marine x2  
  123  11:59  SCV x3, Liberator  
  130  12:02  Missile Turret  
  130  12:05  Supply Depot  
  130  12:06  Marauder  
  130  12:07  Supply Depot  
  135  12:11  SCV x3  
  141  12:25  SCV  
  102  12:45  Marine x3  
  102  12:46  Marauder x2  
  81  13:07  Marauder x2  
Show
View Real Time Build Order
Export as new Build Order

TellyAddict Protoss - Winner!

Build Orders: Zealot Archon, Dark Templar Rush 

Get SALT Encoding   

  12  0:01  Probe (Chrono Boost)  
  13  0:11  Probe (Chrono Boost)  
  14  0:18  Pylon  
  14  0:21  Probe  
  15  0:36  Probe  
  15  0:37  Gateway  
  16  0:47  Assimilator  
  16  0:48  Probe  
  17  1:00  Probe (Chrono Boost)  
  18  1:08  Assimilator  
  18  1:10  Probe (Chrono Boost)  
  19  1:15  Probe (Chrono Boost)  
  20  1:29  Cybernetics Core  
  20  1:30  Probe  
  21  1:42  Probe  
  22  1:54  Pylon  
  22  1:55  Probe  
  23  2:13  Probe (Chrono Boost)  
  23  2:15  Warp Gate  
  24  2:16  Stalker  
  24  2:22  Probe (Chrono Boost), Twilight Council  
  26  2:28  Probe, Gateway  
  26  2:29  Pylon  
  27  2:49  Stalker  
  27  2:50  Probe  
  30  2:58  Charge (Chrono Boost)  
  30  3:00  Pylon  
  30  3:04  Probe  
  31  3:09  Dark Shrine  
  31  3:15  Zealot  
  31  3:19  Zealot  
  35  3:21  Shield Battery  
  32  3:44  Zealot  
  32  3:46  Zealot  
  36  3:49  Shield Battery  
  36  3:51  Shield Battery  
  36  3:55  Shield Battery  
  32  4:43  Dark Templar, Zealot  
  32  4:52  Gateway  
  32  4:53  Gateway  
  32  4:55  Pylon  
  32  4:56  Nexus  
  32  5:04  Dark Templar  
  34  5:13  Dark Templar  
  36  5:26  Pylon  
  36  5:44  Nexus  
  36  5:45  Probe (Chrono Boost)  
  36  5:46  Pylon  
  35  5:54  Probe (Chrono Boost)  
  36  5:59  Probe (Chrono Boost)  
  36  6:02  Pylon  
  37  6:07  Forge  
  37  6:11  Probe (Chrono Boost)  
  38  6:12  Probe (Chrono Boost)  
  39  6:23  Probe (Chrono Boost)  
  39  6:24  Zealot  
  43  6:28  Dark Templar  
  43  6:29  Probe (Chrono Boost)  
  45  6:34  Archon  
  45  6:41  Protoss Ground Weapons Level 1  
  45  6:42  Pylon  
  45  6:45  Probe (Chrono Boost)  
  45  6:46  Probe (Chrono Boost)  
  47  6:56  Probe (Chrono Boost)  
  47  7:00  Probe (Chrono Boost)  
  49  7:01  Dark Templar  
  49  7:03  Dark Templar  
  49  7:07  Archon  
  53  7:14  Probe (Chrono Boost)  
  54  7:17  Pylon  
  54  7:18  Probe (Chrono Boost)  
  55  7:24  Shield Battery  
  55  7:28  Probe x2 (Chrono Boost)  
  57  7:36  Robotics Facility  
  57  7:38  Assimilator, Zealot x3  
  57  7:42  Probe (Chrono Boost)  
  64  7:48  Dark Templar  
  64  7:50  Probe (Chrono Boost)  
  68  7:51  Probe (Chrono Boost)  
  68  7:55  Pylon  
  68  7:56  Probe (Chrono Boost)  
  68  7:57  Probe  
  68  8:07  Zealot x3  
  68  8:12  Shield Battery  
  74  8:15  Shield Battery  
  72  8:21  Dark Templar  
  74  8:32  Zealot x3  
  78  8:35  Immortal  
  63  8:55  Probe (Chrono Boost)  
  63  8:59  Photon Cannon  
  64  9:04  Probe (Chrono Boost)  
  64  9:05  Probe (Chrono Boost)  
  64  9:09  Robotics Bay  
  65  9:11  Gateway  
  65  9:12  Probe (Chrono Boost), Protoss Ground Weapons Level 2 (Chrono Boost), Nexus  
  65  9:15  Probe (Chrono Boost), Gateway  
  68  9:18  Probe (Chrono Boost)  
  68  9:22  Probe (Chrono Boost), Assimilator  
  69  9:25  Probe (Chrono Boost)  
  69  9:26  Dark Templar  
  69  9:29  Probe (Chrono Boost)  
  69  9:30  Probe (Chrono Boost)  
  73  9:31  Assimilator  
  73  9:35  Immortal (Chrono Boost)  
  73  9:36  Archon  
  73  9:38  Zealot  
  80  9:41  Probe  
  81  9:49  Stalker  
  81  9:50  Stalker  
  85  10:00  Photon Cannon  
  85  10:05  Extended Thermal Lance  
  85  10:07  Observer (Chrono Boost)  
  85  10:08  Zealot x2  
  85  10:09  Zealot  
  85  10:11  Zealot  
  85  10:12  Zealot  
  85  10:13  Zealot  
  98  10:19  Probe (Chrono Boost)  
  99  10:22  Colossus (Chrono Boost)  
  99  10:23  Assimilator  
  107  10:29  Probe x2 (Chrono Boost)  
  107  10:34  Probe (Chrono Boost)  
  108  10:38  Probe (Chrono Boost)  
  108  10:41  Probe (Chrono Boost), Zealot x4  
  108  10:42  Zealot x2  
  122  10:49  Pylon  
  122  10:54  Probe  
  122  10:55  Forge  
  123  10:57  Pylon  
  123  11:01  Pylon  
  123  11:05  Colossus (Chrono Boost)  
  123  11:10  Probe  
  130  11:12  Probe  
  130  11:16  Assimilator  
  130  11:17  Dark Templar  
  133  11:22  Probe  
  133  11:24  Probe  
  135  11:26  Protoss Ground Weapons Level 3 (Chrono Boost)  
  135  11:29  Protoss Ground Armor Level 1 (Chrono Boost)  
  135  11:36  Probe  
  135  11:39  Photon Cannon  
  136  11:41  Photon Cannon  
  136  11:44  Pylon  
  136  11:46  Pylon, Stalker x5  
  146  11:50  Pylon  
  146  11:59  Probe (Chrono Boost)  
  145  12:08  Probe (Chrono Boost), Shield Battery  
  146  12:10  Photon Cannon  
  146  12:11  Photon Cannon  
  146  12:12  Pylon  
  146  12:13  Probe (Chrono Boost), Stalker x5  
  118  12:47  Colossus (Chrono Boost)  
  116  12:56  Probe (Chrono Boost)  
  116  13:05  Probe (Chrono Boost)  
  116  13:08  Stalker x2  
  116  13:09  Stalker x4  
  116  13:10  Probe (Chrono Boost)  
  116  13:12  Nexus  
  116  13:14  Pylon  
  116  13:26  Nexus  
  116  13:35  Protoss Ground Armor Level 2 (Chrono Boost)  
  116  13:38  Colossus (Chrono Boost)  
  116  14:03  Probe (Chrono Boost)  
  116  14:07  Assimilator  
  116  14:09  Pylon  
  116  14:11  Protoss Shields Level 1  
  116  14:13  Probe (Chrono Boost)  
  116  14:15  Probe (Chrono Boost)  
  116  14:23  Probe x2 (Chrono Boost)  
  116  14:24  Colossus  
  116  14:28  Probe (Chrono Boost)  
  116  14:40  Probe (Chrono Boost)  
  116  14:50  Probe (Chrono Boost)  
  116  14:56  Probe x2 (Chrono Boost)  
  116  15:01  Probe (Chrono Boost)  
  116  15:04  Probe x2 (Chrono Boost)  
  116  15:05  Assimilator  
  116  15:09  Probe (Chrono Boost), Assimilator  
  116  15:10  Probe (Chrono Boost)  
  116  15:11  Probe (Chrono Boost)  
  116  15:19  Probe (Chrono Boost)  
  116  15:21  Probe (Chrono Boost)  
  116  15:23  Probe (Chrono Boost)  
  116  15:24  Probe (Chrono Boost)  
  116  15:27  Nexus  
  116  15:28  Pylon  
  116  15:29  Pylon  
  116  15:32  Probe (Chrono Boost)  
  116  15:35  Probe (Chrono Boost)  
  116  15:36  Probe (Chrono Boost)  
  116  15:39  Probe (Chrono Boost)  
  116  15:42  Probe (Chrono Boost)  
  116  15:48  Probe (Chrono Boost)  
  116  15:51  Probe (Chrono Boost)  
  116  15:53  Probe (Chrono Boost)  
  116  15:57  Protoss Ground Armor Level 3 (Chrono Boost)  
  116  16:00  Protoss Shields Level 2 (Chrono Boost)  
  116  16:13  Assimilator  
  116  16:18  Assimilator  
  116  16:20  Probe (Chrono Boost)  
  116  16:22  Assimilator  
  116  16:26  Assimilator  
  116  16:29  Probe (Chrono Boost)  
  116  18:08  Nexus  
  116  18:16  Nexus  
Tags
 
Add a new tag
Caveats
  • Supply blocks, unpowered buildings, or Contaminate may cause inaccurate times.
  • Supply counts are checked every 10 seconds.